[Event "POL-chT 2nd League Juniors 2020"]
[Site "Sypniewo"]
[Date "2020.10.28"]
[Round "7.22"]
[White "Rumniak, Aleksy"]
[Black "Karaszewski, Gabriel"]
[Result "1/2-1/2"]
[ECO "B56"]
[WhiteElo "1117"]
[BlackElo "1614"]
[Annotator "NA"]
[PlyCount "147"]
[EventDate "2020.10.23"]
[EventType "team-tourn"]
[EventCountry "POL"]
[SourceTitle "playchess.com"]
[Source "ChessBase"]
[SourceQuality "1"]
[TimeControl "5400+30"]

1. e4 c5 2. Nf3 Nc6 3. d4 cxd4 4. Nxd4 Nf6 5. Nc3 d6 6. g3 e5 7. Nde2 Be7 8. Bg2 O-O 9. O-O Be6 10. h3 Nd7 11. Nd5 Rc8 12. c4 Nc5 13. Be3 Bg5 14. a3 Bxe3 15. fxe3 Qg5 16. h4 Qh6 17. Nec3 Kh8 18. b4 Nd7 19. Qe2 a6 20. Rac1 Rfe8 21. Rfd1 Qg6 22. Kh2 Bg4 23. Bf3 Bxf3 24. Qxf3 Nd8 25. Ne2 a5 26. g4 axb4 27. axb4 Re6 28. Ng3 Nf6 29. g5 Nxd5 30. exd5 Re8 31. Qf5 Rc7 32. h5 Qxf5 33. Nxf5 Rd7 34. c5 dxc5 35. bxc5 f6 36. Nd6 Rf8 37. g6 h6 38. e4 Rc7 39. Nf5 Rc8 40. Rd2 Ra8 41. Rc4 Re8 42. c6 bxc6 43. dxc6 Ne6 44. Nd6 Re7 45. Nf7+ Kg8 46. Rd7 Rae8 47. Rb7 Rc7 48. Rxc7 Nxc7 49. Ra4 Re6 50. Nd8 Rd6 51. Ra7 Ne8 52. Rd7 f5 53. Rxd6 Nxd6 54. exf5 Nxf5 55. c7 Nd6 56. Ne6 e4 57. Kg2 Kh8 58. Kf2 Kg8 59. Ke3 Kh8 60. Kd4 Nb5+ 61. Kxe4 Nxc7 62. Nxc7 Kg8 63. Ke5 Kh8 64. Nb5 Kg8 65. Nd4 Kh8 66. Nf5 Kg8 67. Nxh6+ gxh6 68. Kf6 Kh8 69. Kf5 Kg7 70. Ke5 Kf8 71. Ke6 Kg8 72. Kf6 Kh8 73. g7+ Kh7 74. Kf7 1/2-1/2

[Event "POL-chT 2nd League Juniors 2020"]
[Site "Sypniewo"]
[Date "2020.10.28"]
[Round "7.23"]
[White "Lascar, Maria Elena"]
[Black "Matyjasek, Michalina"]
[Result "1/2-1/2"]
[ECO "B34"]
[WhiteElo "1552"]
[BlackElo "1477"]
[Annotator "NA"]
[PlyCount "65"]
[EventDate "2020.10.23"]
[EventType "team-tourn"]
[EventCountry "POL"]
[SourceTitle "playchess.com"]
[Source "ChessBase"]
[SourceQuality "1"]
[TimeControl "5400+30"]

1. e4 c5 2. Nf3 Nc6 3. Nc3 g6 4. d4 cxd4 5. Nxd4 Bg7 6. Nde2 Nf6 7. g3 O-O 8. Bg2 d6 9. O-O Rb8 10. a4 a6 11. h3 b5 12. axb5 axb5 13. Be3 b4 14. Nd5 Nd7 15. Rb1 Ba6 16. Re1 e6 17. Ndf4 Qc7 18. Qd2 Rfd8 19. Nd3 b3 20. c3 Na5 21. Nb4 Bc4 22. f4 Nc5 23. g4 Bb5 24. Nc1 Nc4 25. Qf2 Na6 26. Nxa6 Bxa6 27. Bf1 Nxe3 28. Qxe3 Bxf1 29. Rxf1 Ra8 30. Nxb3 Rdb8 31. Nd4 Qc5 32. Rfe1 Ra2 33. b4 1/2-1/2

[Event "POL-chT 2nd League Juniors 2020"]
[Site "Sypniewo"]
[Date "2020.10.29"]
[Round "8.2"]
[White "Niemier, Hubert"]
[Black "Zniszczol, Wiktoria"]
[Result "1/2-1/2"]
[ECO "A45"]
[WhiteElo "1771"]
[BlackElo "1620"]
[Annotator "NA RC"]
[PlyCount "107"]
[EventDate "2020.10.23"]
[EventType "team-tourn"]
[EventCountry "POL"]
[SourceTitle "playchess.com"]
[Source "ChessBase"]
[SourceQuality "1"]
[TimeControl "5400+30"]

1. d4 Nf6 2. Bg5 Ne4 3. h4 h6 4. Bf4 d5 5. Nd2 Nf6 6. e3 e6 7. Bd3 Nbd7 8. Ngf3 c5 9. c3 a6 10. a4 b6 11. Ne5 Nxe5 12. dxe5 Nd7 13. Nf3 Bb7 14. g4 Be7 15. Qe2 c4 16. Bc2 Nc5 17. Kd2 Qd7 18. Nd4 O-O-O 19. h5 Bc6 20. Qd1 Bb7 21. f3 Qc7 22. Qe2 Nd7 23. Qh2 Nc5 24. Bg3 Qd7 25. Qe2 Bc6 26. Qd1 Bb7 27. Ra2 Qc7 28. Qe2 Nd7 29. Qh2 Nc5 30. Rb1 Rd7 31. Rf1 Rdd8 32. f4 Rhf8 33. f5 Bg5 34. Raa1 Qd7 35. Rf2 Rg8 36. fxe6 fxe6 37. Raf1 Rde8 38. Bh4 Bxh4 39. Qxh4 Qe7 40. Qxe7 Rxe7 41. Rf7 Rge8 42. Bg6 Kd7 43. a5 bxa5 44. R7f3 Rb8 45. Ra1 a4 46. Kc2 Bc6 47. Rf2 Kc7 48. Rf3 Bb5 49. Raf1 Rb7 50. Rf8 Kb6 51. Rd8 Rbd7 52. Rg8 Rb7 53. Rd8 Rbd7 54. Rxd7 1/2-1/2

[Event "POL-chT 2nd League Juniors 2020"]
[Site "Sypniewo"]
[Date "2020.10.29"]
[Round "8.2"]
[White "Bialik, Nikodem"]
[Black "Szuber, Dawid"]
[Result "1/2-1/2"]
[ECO "B30"]
[WhiteElo "1547"]
[BlackElo "1496"]
[Annotator "NA RC"]
[PlyCount "168"]
[EventDate "2020.10.23"]
[EventType "team-tourn"]
[EventCountry "POL"]
[SourceTitle "playchess.com"]
[Source "ChessBase"]
[SourceQuality "1"]
[TimeControl "5400+30"]

1. e4 c5 2. Nf3 Nc6 3. Bb5 e6 4. O-O a6 5. Bxc6 bxc6 6. e5 d5 7. exd6 Bxd6 8. Nc3 Nf6 9. b3 O-O 10. Re1 Qc7 11. d3 h6 12. Na4 e5 13. h3 Be6 14. Ba3 Nd7 15. Qd2 Rab8 16. Qe3 Qa5 17. Nd2 f5 18. Nf3 Bd5 19. Bb2 Rbe8 20. Rad1 Qc7 21. c4 Bf7 22. Nd2 Bh5 23. f3 Bg6 24. Ba3 Qa5 25. Qf2 Kh7 26. Re2 Bf7 27. Nf1 Kh8 28. Ng3 Bg6 29. Nf1 Bf7 30. Bc1 Kh7 31. Bd2 Qc7 32. Be3 Qa5 33. Qe1 Qc7 34. Bf2 Kh8 35. a3 Rb8 36. Rb1 Bg6 37. b4 cxb4 38. axb4 Rfe8 39. c5 Be7 40. Nd2 Bf6 41. Nc4 Rb5 42. Nd6 Reb8 43. Nxb5 axb5 44. Nb6 f4 45. Qd1 Nxb6 46. cxb6 Qd6 47. Rd2 Bd8 48. Rb3 Bxb6 49. Bxb6 Rxb6 50. d4 e4 51. fxe4 Bxe4 52. Re2 Qd5 53. Ra3 Rb8 54. Kh2 f3 55. gxf3 Qd6+ 56. Kg1 Bf5 57. Rh2 Re8 58. Qd2 Qg3+ 59. Kf1 Bxh3+ 60. Rxh3 Qxh3+ 61. Kg1 Qg3+ 62. Kf1 Qh3+ 63. Kg1 Qg3+ 64. Kf1 h5 65. Re3 Rf8 66. Qf2 Qxf2+ 67. Kxf2 Rf4 68. Rd3 g5 69. Ke3 h4 70. Rc3 Rf6 71. Rc5 Rg6 72. d5 cxd5 73. Rxd5 h3 74. Kf2 Kg7 75. Kg3 Rh6 76. Kh2 Kf6 77. Rxb5 Rh4 78. Rb8 Ke6 79. b5 Rf4 80. Kxh3 Rxf3+ 81. Kg4 Rb3 82. Kxg5 Kd6 83. b6 Kc6 84. Rc8+ Kb7 1/2-1/2

[Event "POL-chT 2nd League Juniors 2020"]
[Site "Sypniewo"]
[Date "2020.10.29"]
[Round "8.3"]
[White "Karut, Kacper"]
[Black "Skrzypinski, Jan"]
[Result "1-0"]
[ECO "B32"]
[WhiteElo "1657"]
[BlackElo "1418"]
[Annotator "NA RC"]
[PlyCount "95"]
[EventDate "2020.10.23"]
[EventType "team-tourn"]
[EventCountry "POL"]
[SourceTitle "playchess.com"]
[Source "ChessBase"]
[SourceQuality "1"]
[TimeControl "5400+30"]

1. e4 c5 2. Nf3 Nc6 3. d4 cxd4 4. Nxd4 e5 5. Nb5 a6 6. Nd6+ Bxd6 7. Qxd6 Qe7 8. Qxe7+ Ngxe7 9. c4 Nd4 10. Bd3 d6 11. Nc3 O-O 12. Nd5 Nxd5 13. cxd5 f5 14. f3 fxe4 15. fxe4 Bd7 16. Be3 Bb5 17. Kd2 Bxd3 18. Kxd3 Rf6 19. Rhf1 Raf8 20. Rxf6 Rxf6 21. Rc1 Rg6 22. Bxd4 exd4 23. Rc2 Kf8 24. Kxd4 Ke8 25. Rf2 Ke7 26. h3 Rg5 27. g4 g6 28. Rf4 h5 29. h4 Rxg4 30. Rxg4 hxg4 31. Ke3 Kf6 32. Kf4 a5 33. Kxg4 b5 34. Kf4 b4 35. b3 Kf7 36. e5 dxe5+ 37. Kxe5 Ke7 38. d6+ Kd7 39. Kd5 Kd8 40. Ke6 Ke8 41. d7+ Kd8 42. Kd6 a4 43. bxa4 b3 44. axb3 g5 45. h5 g4 46. h6 g3 47. h7 g2 48. h8=R# 1-0

[Event "POL-chT 2nd League Juniors 2020"]
[Site "Sypniewo"]
[Date "2020.10.29"]
[Round "8.3"]
[White "Bochenek, Ryszard"]
[Black "Cieply, Krzysztof"]
[Result "0-1"]
[ECO "B56"]
[WhiteElo "1445"]
[BlackElo "1573"]
[Annotator "NA RC"]
[PlyCount "118"]
[EventDate "2020.10.23"]
[EventType "team-tourn"]
[EventCountry "POL"]
[SourceTitle "playchess.com"]
[Source "ChessBase"]
[SourceQuality "1"]
[TimeControl "5400+30"]

1. e4 c5 2. Nf3 Nc6 3. d4 cxd4 4. Nxd4 Nf6 5. Nc3 d6 6. Be3 e5 7. Ndb5 a6 8. Na3 b5 9. Nd5 Nxd5 10. Qxd5 Bd7 11. Be2 Be7 12. O-O O-O 13. f4 exf4 14. Bxf4 Qb6+ 15. Kh1 Be6 16. Qd2 Ne5 17. c3 Ng6 18. Be3 Qb7 19. Bd4 f6 20. Rae1 d5 21. Bd3 Bxa3 22. bxa3 dxe4 23. Bxe4 Bd5 24. Qc2 Bxe4 25. Qxe4 Qxe4 26. Rxe4 Rfe8 27. Rfe1 Rxe4 28. Rxe4 Kf7 29. Kg1 Rc8 30. Kf2 Rc4 31. Re3 Ne7 32. Rd3 Nd5 33. Kf3 Ke6 34. g3 g6 35. Ke2 f5 36. Kd2 g5 37. h3 Ra4 38. Bc5 Re4 39. Bf8 h5 40. Bh6 g4 41. h4 Rc4 42. Bg7 f4 43. gxf4 Rxf4 44. Bd4 Rf1 45. a4 Ra1 46. a3 Rxa3 47. axb5 axb5 48. Ke1 b4 49. Rd2 Nxc3 50. Bxc3 Rxc3 51. Rd4 b3 52. Rb4 g3 53. Kf1 Kf5 54. Kg1 b2 55. Rxb2 Kg4 56. Kg2 Rc4 57. Rd2 Kxh4 58. Kf3 Kh3 59. Rd5 h4 0-1

[Event "POL-chT 2nd League Juniors 2020"]
[Site "Sypniewo"]
[Date "2020.10.29"]
[Round "8.4"]
[White "Wojs, Alicja"]
[Black "Suszczynski, Dominik"]
[Result "1-0"]
[ECO "B50"]
[WhiteElo "1392"]
[BlackElo "1241"]
[Annotator "NA RC"]
[PlyCount "79"]
[EventDate "2020.10.23"]
[EventType "team-tourn"]
[EventCountry "POL"]
[SourceTitle "playchess.com"]
[Source "ChessBase"]
[SourceQuality "1"]
[TimeControl "5400+30"]

1. e4 c5 2. Nf3 d6 3. c3 Nf6 4. h3 Nbd7 5. Bd3 Qc7 6. Bc2 b6 7. O-O Bb7 8. Re1 e6 9. d4 cxd4 10. cxd4 Be7 11. Nc3 Rc8 12. Bf4 e5 13. Bg3 O-O 14. Rc1 a6 15. Nd5 Nxd5 16. exd5 f6 17. Bxh7+ Kxh7 18. Rxc7 Rxc7 19. Nh4 Rfc8 20. dxe5 fxe5 21. Nf5 Bf8 22. Qh5+ Kg8 23. Qg6 Nf6 24. Bh4 Ne8 25. Qe6+ Kh8 26. Be7 Bxd5 27. Qxd5 Bxe7 28. Qf7 Bf6 29. Qh5+ Kg8 30. Rd1 Rd8 31. g4 g5 32. Qg6+ Kf8 33. Ng3 Rg7 34. Qf5 Rf7 35. Ne4 Be7 36. Qe6 Rf4 37. Qh6+ Kg8 38. Nxg5 Ng7 39. Qh7+ Kf8 40. Qh8# 1-0

[Event "POL-chT 2nd League Juniors 2020"]
[Site "Sypniewo"]
[Date "2020.10.29"]
[Round "8.4"]
[White "Kaczmarek, Jan"]
[Black "Pycinski, Wladyslaw"]
[Result "1/2-1/2"]
[ECO "B27"]
[WhiteElo "1229"]
[BlackElo "1149"]
[Annotator "NA RC"]
[PlyCount "212"]
[EventDate "2020.10.23"]
[EventType "team-tourn"]
[EventCountry "POL"]
[SourceTitle "playchess.com"]
[Source "ChessBase"]
[SourceQuality "1"]
[TimeControl "5400+30"]

1. e4 c5 2. Nf3 g6 3. d4 cxd4 4. Qxd4 Nf6 5. e5 Nc6 6. Qa4 Nd5 7. Bb5 Bg7 8. O-O O-O 9. Qh4 Qc7 10. Bxc6 dxc6 11. Bh6 f6 12. Re1 g5 13. Nxg5 fxg5 14. Qxg5 e6 15. Re4 Qf7 16. Nd2 Qg6 17. Rg4 Qxg5 18. Rxg5 Rf7 19. Ne4 Kh8 20. Nd6 Re7 21. Bxg7+ Rxg7 22. Rxg7 Kxg7 23. c3 b6 24. Rd1 Ba6 25. g3 b5 26. Rd4 h5 27. f3 Kf8 28. Rh4 Kg7 29. Rxh5 Kg6 30. Rh4 Ne3 31. Re4 Nd5 32. Kf2 Rf8 33. Rg4+ Kh7 34. h4 Bc8 35. h5 Bd7 36. Rh4 Kh6 37. c4 Ne7 38. cxb5 cxb5 39. Rh1 Bc6 40. Rc1 Rxf3+ 41. Ke2 Rxg3 42. Nc8 Rg2+ 43. Kd3 Nxc8 44. Rxc6 Nb6 45. Rxe6+ Kxh5 46. Re7 Rg5 47. e6 Re5 48. Rxa7 Rxe6 49. b3 Rd6+ 50. Ke4 Nd7 51. a4 Nc5+ 52. Ke5 Rd3 53. axb5 Rxb3 54. Kd4 Rxb5 55. Rh7+ Kg6 56. Rh1 Ne6+ 57. Ke4 Ng5+ 58. Kd4 Kf6 59. Rh6+ Kf5 60. Kc4 Rb1 61. Rh8 Ke5 62. Rh5 Kf4 63. Rh4+ Ke3 64. Rh5 Nf3 65. Rh8 Ke4 66. Re8+ Ne5+ 67. Kc3 Rd1 68. Kb4 Rc1 69. Kb5 Kd5 70. Rd8+ Ke6 71. Rh8 Kd7 72. Rh7+ Kd6 73. Rh6+ Kd5 74. Rh5 Rb1+ 75. Ka5 Kd4 76. Rh4+ Kc5 77. Ka4 Nf3 78. Rh5+ Kc4 79. Ka5 Nd4 80. Rh4 Kc5 81. Rh5+ Kd6 82. Rh6+ Ne6 83. Ka4 Ke5 84. Rh5+ Ke4 85. Rh4+ Nf4 86. Ka5 Kf5 87. Rh8 Ke5 88. Re8+ Ne6 89. Rh8 Nc7 90. Rh5+ Kd4 91. Rh4+ Kc5 92. Rh5+ Nd5 93. Ka4 Kc6 94. Rh6+ Kb7 95. Rh7+ Ka6 96. Rh6+ Nb6+ 97. Ka3 Kb5 98. Rh5+ Kc4 99. Rh4+ Kc5 100. Rh5+ Nd5 101. Ka2 Rb8 102. Ka3 Kc4 103. Rh4+ Kd3 104. Rh3+ Ne3 105. Ka4 Kc4 106. Rh4+ Kc5 1/2-1/2

[Event "POL-chT 2nd League Juniors 2020"]
[Site "Sypniewo"]
[Date "2020.10.29"]
[Round "8.5"]
[White "Kudlak, Julia"]
[Black "Niemier, Martyna"]
[Result "1-0"]
[ECO "B28"]
[WhiteElo "1574"]
[BlackElo "1235"]
[Annotator "NA RC"]
[PlyCount "107"]
[EventDate "2020.10.23"]
[EventType "team-tourn"]
[EventCountry "POL"]
[SourceTitle "playchess.com"]
[Source "ChessBase"]
[SourceQuality "1"]
[TimeControl "5400+30"]

1. e4 c5 2. Nf3 a6 3. c3 e6 4. d4 d5 5. Nbd2 Nc6 6. exd5 exd5 7. dxc5 Bxc5 8. Nb3 Ba7 9. Bg5 Nge7 10. g3 O-O 11. Bg2 h6 12. Bxe7 Qxe7+ 13. Qe2 Qxe2+ 14. Kxe2 Re8+ 15. Kf1 Bg4 16. h3 Bf5 17. Rd1 Rad8 18. Nfd4 Nxd4 19. Nxd4 Be4 20. f3 Bg6 21. Kf2 Re7 22. Rhe1 Rde8 23. Rxe7 Rxe7 24. Re1 Bxd4+ 25. cxd4 Rxe1 26. Kxe1 Kf8 27. f4 Be4 28. Bxe4 dxe4 29. f5 Ke7 30. Ke2 Kd6 31. Ke3 Kd5 32. g4 b6 33. a3 b5 34. b4 g6 35. fxg6 fxg6 36. h4 g5 37. h5 Kc4 38. Kxe4 Kb3 39. Kd5 Kxa3 40. Kc5 a5 41. bxa5 b4 42. a6 b3 43. a7 b2 44. a8=Q+ Kb3 45. Qb7+ Kc2 46. d5 b1=Q 47. Qxb1+ Kxb1 48. d6 Ka1 49. d7 Kb2 50. d8=Q Ka1 51. Kb4 Kb1 52. Kb3 Kc1 53. Qd7 Kb1 54. Qd1# 1-0

[Event "POL-chT 2nd League Juniors 2020"]
[Site "Sypniewo"]
[Date "2020.10.29"]
[Round "8.5"]
[White "Wasala, Wiktoria"]
[Black "Lach, Alicja"]
[Result "1/2-1/2"]
[ECO "B23"]
[WhiteElo "1458"]
[BlackElo "1161"]
[Annotator "NA RC"]
[PlyCount "94"]
[EventDate "2020.10.23"]
[EventType "team-tourn"]
[EventCountry "POL"]
[SourceTitle "playchess.com"]
[Source "ChessBase"]
[SourceQuality "1"]
[TimeControl "5400+30"]

1. e4 c5 2. Nc3 Nc6 3. f4 g6 4. Nf3 Bg7 5. Be2 e6 6. O-O Nge7 7. d3 d5 8. Kh1 O-O 9. Rb1 a6 10. Na4 b6 11. b3 Bd7 12. Bb2 d4 13. c3 dxc3 14. Bxc3 Bxc3 15. Nxc3 Nd4 16. Ne5 f6 17. Nxd7 Qxd7 18. Rc1 Qc7 19. Bg4 f5 20. exf5 exf5 21. Bf3 Rad8 22. Ne2 Qd6 23. Nxd4 Qxd4 24. Qe2 Qd6 25. Rfe1 Rd7 26. Rcd1 Rf6 27. Qe3 Nd5 28. Qe8+ Kg7 29. Bxd5 Qxd5 30. Re5 Qd6 31. h3 Qc7 32. Rde1 Rff7 33. Qa8 Rxd3 34. Qxa6 Rd4 35. Re6 Rb4 36. R1e5 Rxf4 37. Qxb6 Qxb6 38. Rxb6 Rf2 39. a4 Rd7 40. Re3 Rdd2 41. Rg3 f4 42. Rg4 f3 43. Rb7+ Kh6 44. Rh4+ Kg5 45. Rg4+ Kh6 46. Rh4+ Kg5 47. Rg4+ Kh6 1/2-1/2

[Event "POL-chT 2nd League Juniors 2020"]
[Site "Sypniewo"]
[Date "2020.10.29"]
[Round "8.6"]
[White "Lewicka, Joanna"]
[Black "Tim, Anna"]
[Result "0-1"]
[ECO "B32"]
[WhiteElo "1243"]
[BlackElo "1237"]
[Annotator "NA RC"]
[PlyCount "24"]
[EventDate "2020.10.23"]
[EventType "team-tourn"]
[EventCountry "POL"]
[SourceTitle "playchess.com"]
[Source "ChessBase"]
[SourceQuality "1"]
[TimeControl "5400+30"]

1. e4 c5 2. Nf3 Nc6 3. d4 cxd4 4. Nxd4 e5 5. Nb5 a6 6. Nd6+ Bxd6 7. Qxd6 Qe7 8. Qxe7+ Ngxe7 9. Nc3 d5 10. exd5 Nb4 11. Bd3 Nbxd5 12. Nxd5 Nxd5 0-1

[Event "POL-chT 2nd League Juniors 2020"]
[Site "Sypniewo"]
[Date "2020.10.29"]
[Round "8.7"]
[White "Jedrusik, Adam"]
[Black "Gardian, Adam"]
[Result "1-0"]
[ECO "D02"]
[WhiteElo "1891"]
[BlackElo "1859"]
[Annotator "NA RC"]
[PlyCount "101"]
[EventDate "2020.10.23"]
[EventType "team-tourn"]
[EventCountry "POL"]
[SourceTitle "playchess.com"]
[Source "ChessBase"]
[SourceQuality "1"]
[TimeControl "5400+30"]

1. d4 d5 2. Nf3 Nf6 3. Bf4 c5 4. e3 Nc6 5. c3 Qb6 6. Qb3 c4 7. Qc2 Bf5 8. Qc1 Nh5 {[%emt 0:14:46] D02: 1 d4 d5 2 Nf3 sidelines, including 2...Nf6 3 g3 and 2...Nf6 3 Bf4.} 9. Bg3 Nxg3 10. hxg3 h6 11. Nbd2 e6 12. Be2 Bd6 13. Bd1 {[%emt 0:00:32] [#]} Qa5 $146 ({Predecessor:} 13... e5 14. dxe5 Bxe5 15. Ba4 Bf6 16. O-O O-O 17. Bc2 Be6 18. Nd4 Bg4 19. N2f3 Rfe8 {1-0 (50) Chernyshov,K (2480)-Lizak,P (2458) Marianske Lazne 2018}) 14. Bc2 b5 15. e4 Bh7 16. exd5 exd5 17. Bxh7 Rxh7 18. O-O Kf8 19. Qc2 g6 $1 20. Rae1 Kg7 21. Ne5 Ne7 22. f4 h5 {[%emt 0:13:15] [#]} (22... Qd8 $14) 23. Nef3 $2 (23. Ndf3 $1 $18) 23... Nf5 24. Nh4 $1 Nxg3 25. Rf3 Qd8 26. Nxg6 fxg6 27. Rxg3 Qf6 28. Rge3 Qxf4 29. Nf3 Rf8 30. Ne5 Rf5 31. b3 Kh6 32. bxc4 bxc4 33. Rf3 Qh4 34. Qd2+ Qg5 (34... Kg7 $11 {remains equal.}) 35. Qxg5+ Kxg5 36. Rg3+ Kf4 37. Rxg6 Bxe5 38. g3+ Kf3 39. dxe5 Re7 40. e6 d4 41. cxd4 Rd5 42. Rf6+ Kg4 43. Rf7 Re8 44. e7 Rd7 {[%emt 0:00:21] [#]} 45. d5 $1 c3 {[%emt 0:00:36] [#]} 46. d6 $18 c2 47. Rf8 Rxd6 48. Rxe8 Rd1 49. Rg8+ Kf3 50. e8=Q c1=Q 51. Qf7+ 1-0

[Event "POL-chT 2nd League Juniors 2020"]
[Site "Sypniewo"]
[Date "2020.10.29"]
[Round "8.8"]
[White "Kukula, Karol"]
[Black "Wojtasik, Szymon"]
[Result "1-0"]
[ECO "B31"]
[WhiteElo "1739"]
[BlackElo "1380"]
[Annotator "NA RC"]
[PlyCount "59"]
[EventDate "2020.10.23"]
[EventType "team-tourn"]
[EventCountry "POL"]
[SourceTitle "playchess.com"]
[Source "ChessBase"]
[SourceQuality "1"]
[TimeControl "5400+30"]

1. e4 c5 2. Nf3 Nc6 3. Bb5 g6 4. O-O Bg7 5. c3 Nf6 6. Re1 O-O 7. d4 d5 8. exd5 Qxd5 9. c4 Qd6 10. dxc5 Qxc5 11. Be3 Qh5 12. Bxc6 bxc6 13. Bd4 Rd8 14. Nbd2 Bg4 15. Qc2 Rd7 16. Bc3 Qc5 17. Ne5 Rb7 18. Nb3 Qd6 19. c5 Qd5 20. Nxg4 Nxg4 21. Bxg7 Kxg7 22. Qc3+ Kg8 23. h3 Nf6 24. Rad1 Qf5 25. Nd4 Qf4 26. Nxc6 Qc7 27. Nxe7+ Kg7 28. Rd6 Re8 29. Qxf6+ Kh6 30. Nf5+ 1-0

[Event "POL-chT 2nd League Juniors 2020"]
[Site "Sypniewo"]
[Date "2020.10.29"]
[Round "8.8"]
[White "Kubica, Dominik"]
[Black "Dalkowski, Rafal"]
[Result "0-1"]
[ECO "B18"]
[WhiteElo "1577"]
[BlackElo "1871"]
[Annotator "NA RC"]
[PlyCount "94"]
[EventDate "2020.10.23"]
[EventType "team-tourn"]
[EventCountry "POL"]
[SourceTitle "playchess.com"]
[Source "ChessBase"]
[SourceQuality "1"]
[TimeControl "5400+30"]

1. e4 c6 2. d4 d5 3. Nc3 dxe4 4. Nxe4 Bf5 5. Ng3 Bg6 6. Nh3 e6 7. Nf4 Qh4 8. Nxg6 {[%emt 0:13:47] B18: Classical Caro-Kann: 4...Bf5 sidelines.} hxg6 9. c3 Bd6 10. Qf3 Nf6 11. Ne2 {[%emt 0:10:32] [#]} Nd5 $146 ({Predecessor:} 11... Qg4 12. Qxg4 Nxg4 13. h3 e5 14. dxe5 Nxe5 15. Ng3 Nbd7 16. Be3 Bc5 17. Bxc5 Nxc5 {0-1 (42) Orteu Capdevila,M (2147)-Latorre Lopez Moreira,L (2318) Barcelona 2016}) 12. g3 Qe7 13. Bg2 Nd7 14. O-O O-O 15. a3 e5 16. c4 N5f6 17. Bg5 exd4 18. Nxd4 Be5 19. Nc2 Qc5 20. Qb3 Nb6 21. Bxf6 gxf6 22. Ne3 Rad8 23. Rad1 Rd4 24. Qc2 a5 25. Rc1 (25. Rb1 $11) 25... Rfd8 26. Rfd1 (26. b4 $1 $15 axb4 27. axb4 Qxb4 28. c5) 26... Kg7 27. Bf1 f5 28. a4 R8d7 29. b3 f4 30. Ng2 fxg3 31. hxg3 {[%emt 0:00:06] [#]} Bxg3 $1 32. Rxd4 Qxd4 33. Ne3 Be5 34. Rd1 Qf4 35. Bg2 Bd4 36. Qe2 Bxe3 37. Rxd7 {[%emt 0:00:20] [#]} (37. fxe3 $142 Rxd1+ {[%mdl 64] Overworked Piece} 38. Qxd1 Qxe3+ 39. Kf1) 37... Bxf2+ $1 38. Qxf2 Qxf2+ 39. Kxf2 Nxd7 40. Bf3 Kf6 41. Kg3 Ke5 42. Kg4 Nc5 43. Bd1 Ne4 44. Bc2 f5+ 45. Kf3 g5 46. Ke3 g4 47. Bd1 f4+ 0-1

[Event "POL-chT 2nd League Juniors 2020"]
[Site "Sypniewo"]
[Date "2020.10.29"]
[Round "8.9"]
[White "Wieckowski, Michal"]
[Black "Zaborski, Igor"]
[Result "1/2-1/2"]
[ECO "B13"]
[WhiteElo "1494"]
[BlackElo "1612"]
[Annotator "NA RC"]
[PlyCount "101"]
[EventDate "2020.10.23"]
[EventType "team-tourn"]
[EventCountry "POL"]
[SourceTitle "playchess.com"]
[Source "ChessBase"]
[SourceQuality "1"]
[TimeControl "5400+30"]

1. e4 c6 2. d4 d5 3. exd5 cxd5 4. Bd3 Qc7 5. Nf3 Bg4 6. h3 Bh5 7. O-O Nc6 8. c3 e6 9. Nbd2 Nf6 10. Re1 Bd6 11. Nb3 O-O 12. Be3 b6 13. Rc1 Qe7 14. Be2 Rac8 15. Bg5 Kh8 16. Ne5 Bxe2 17. Qxe2 Qc7 18. Nd2 Nd7 19. Nxd7 Qxd7 20. Nf3 Rce8 21. Ne5 Qc7 22. Nxc6 Qxc6 23. c4 dxc4 24. Qxc4 Qxc4 25. Rxc4 Rc8 26. Rec1 Rxc4 27. Rxc4 f6 28. Be3 Rd8 29. Kf1 Kg8 30. Ke2 Kf7 31. b3 Ke7 32. h4 Rd7 33. Rc8 h6 34. Kf3 f5 35. g3 Ba3 36. Rc2 Kf7 37. Ke2 Be7 38. Rc6 Bf6 39. Rc4 Ke7 40. a4 Kf7 41. Kf3 h5 42. Ke2 Ke7 43. f4 Kd8 44. Rc6 Ke7 45. Rc4 Kd8 46. Bf2 Rc7 47. Kd3 Kd7 48. Be1 Be7 49. Bc3 g6 50. Bb2 a6 51. Rxc7+ 1/2-1/2

[Event "POL-chT 2nd League Juniors 2020"]
[Site "Sypniewo"]
[Date "2020.10.29"]
[Round "8.9"]
[White "Doroba, Ludwik"]
[Black "Duda, Leon"]
[Result "1/2-1/2"]
[ECO "A44"]
[WhiteElo "1330"]
[BlackElo "1388"]
[Annotator "NA RC"]
[PlyCount "106"]
[EventDate "2020.10.23"]
[EventType "team-tourn"]
[EventCountry "POL"]
[SourceTitle "playchess.com"]
[Source "ChessBase"]
[SourceQuality "1"]
[TimeControl "5400+30"]

1. d4 c5 2. d5 e5 3. e4 d6 4. Nc3 g6 5. Nf3 Bg7 6. Bb5+ Nd7 7. O-O a6 8. Bxd7+ Bxd7 9. a4 Ne7 10. Ne1 O-O 11. f3 b5 12. b3 b4 13. Ne2 f5 14. Nd3 f4 15. Nb2 h5 16. Kh1 g5 17. Ng1 Ng6 18. Bd2 g4 19. Nc4 Rf6 20. Qe2 g3 21. h3 Nf8 22. Rfb1 Nh7 23. Qf1 Rg6 24. Re1 Rb8 25. Re2 Bf8 26. Rd1 Rb7 27. Bc1 Be7 28. Bb2 Bh4 29. Rdd2 Qc8 30. Ba1 Ng5 31. Bb2 Kh7 32. Ba1 Nxh3 33. gxh3 g2+ 34. Rxg2 Bxh3 35. Nxh3 Qxh3+ 36. Kg1 Bg3 37. Qe2 h4 38. Bxe5 Qd7 39. Bxf4 Qg7 40. Bxg3 h3 41. Be5 dxe5 42. Rg4 Qf6 43. Rxg6 Kxg6 44. Qh2 Qh4 45. Rg2+ Kh6 46. Qg3 Qh5 47. Qg6+ Qxg6 48. Rxg6+ Kxg6 49. Nxe5+ Kf6 50. Nd3 Rc7 51. Kh2 a5 52. Nb2 Ke5 53. Nc4+ Kf4 1/2-1/2

[Event "POL-chT 2nd League Juniors 2020"]
[Site "Sypniewo"]
[Date "2020.10.29"]
[Round "8.10"]
[White "Rozek, Michal"]
[Black "Leszczewicz, Karol"]
[Result "1-0"]
[ECO "B52"]
[WhiteElo "1442"]
[BlackElo "1267"]
[Annotator "NA RC"]
[PlyCount "75"]
[EventDate "2020.10.23"]
[EventType "team-tourn"]
[EventCountry "POL"]
[SourceTitle "playchess.com"]
[Source "ChessBase"]
[SourceQuality "1"]
[TimeControl "5400+30"]

1. e4 c5 2. Nf3 d6 3. Bb5+ Bd7 4. Bxd7+ Qxd7 5. c4 Nc6 6. d4 cxd4 7. Nxd4 g6 8. Nc3 Bg7 9. Be3 Nf6 10. f3 O-O 11. O-O Rac8 12. b3 Rfd8 13. Rc1 Nxd4 14. Bxd4 Bh6 15. Rc2 Nh5 16. Bxa7 Nf4 17. Nd5 Nxd5 18. Qxd5 Rc6 19. Bf2 Qc7 20. Rd1 Ra8 21. a4 Ra5 22. Qd3 Ra8 23. Re2 Ra5 24. Ra1 Ra8 25. Rc2 Rca6 26. Rca2 Qc6 27. Bd4 Qd7 28. a5 Qc6 29. b4 Qc7 30. Bb6 Qd7 31. b5 Bg7 32. bxa6 Bxa1 33. axb7 Qxb7 34. Rxa1 Qc6 35. Qd5 Qxd5 36. cxd5 Kg7 37. a6 Kf8 38. a7 1-0

[Event "POL-chT 2nd League Juniors 2020"]
[Site "Sypniewo"]
[Date "2020.10.29"]
[Round "8.11"]
[White "Tarka, Aleksandra"]
[Black "Hertlein, Irena"]
[Result "0-1"]
[ECO "B20"]
[WhiteElo "1676"]
[BlackElo "1893"]
[Annotator "NA RC"]
[PlyCount "42"]
[EventDate "2020.10.23"]
[EventType "team-tourn"]
[EventCountry "POL"]
[SourceTitle "playchess.com"]
[Source "ChessBase"]
[SourceQuality "1"]
[TimeControl "5400+30"]

1. e4 c5 2. d3 Nc6 3. g3 g6 4. Bg2 Bg7 5. f4 d6 6. Nf3 e5 7. O-O Nge7 8. f5 gxf5 9. Nh4 f4 10. Qh5 Be6 11. gxf4 exf4 12. c3 (12. Nf5 $11 Rg8 13. Nxg7+ Rxg7 14. Bxf4) 12... Qd7 13. Qg5 (13. Nf5 $17 {might work better.} Nxf5 14. exf5 Bxf5 15. Bxf4) 13... Rg8 $17 14. Qxf4 O-O-O 15. Nf5 Nxf5 16. exf5 Bd5 17. f6 Bh6 18. Qg3 Rxg3 19. hxg3 Bxg2 20. Kxg2 Bxc1 21. Rxc1 Qg4 0-1